 Dungeon Crawl Stone Soup version 0.17-a0-1020-ge683cc4 (console) character file.

354 Monkaria the Ruffian (level 6, -1/64 HPs)
             Began as a Demonspawn Chaos Knight on May 16, 2015.
             Slain by a river rat (5 damage)
             ... on level 4 of the Dungeon.
             The game lasted 00:06:03 (3344 turns).

Monkaria the Ruffian (Demonspawn Chaos Knight)      Turns: 3344, Time: 00:06:03

Health: -1/64      AC: 23    Str: 15      XL:     6   Next: 35%
Magic:  6/6        EV:  2    Int: 13      God:    Xom [*.....]
Gold:   94         SH:  0    Dex: 11 (12) Spells: 0 memorised, 5 levels left

rFire  . . .     SeeInvis .       - Unarmed
rCold  . . .     Clarity  .     (armour currently unavailable)
rNeg   + + +     SustAb   .     (no shield)
rPois  +         Gourm    .     (helmet currently unavailable)
rElec  .         Spirit   .     (cloak currently unavailable)
rCorr  .         Warding  .     (gloves currently unavailable)
rMut   .         NoTele   +     (boots currently unavailable)
MR     +....                    (no amulet)
Stlth  +.........               (no ring)
                                (no ring)

@: confused, tree-form, somewhat resistant to hostile enchantments, very
unstealthy
A: (claws 0), (talons 0), frail 1, magic resistance 1, (shaggy fur 0), rot
immunity
a: Renounce Religion


You were on level 4 of the Dungeon.
You worshipped Xom.
You were a special plaything of Xom.
You were not hungry.
You were a tree.
You visited 1 branch of the dungeon, and saw 4 of its levels.

You collected 94 gold pieces.

Inventory:

Hand weapons
 a - a +0 falchion of chaos
Missiles
 k - 5 curare-tipped needles
Armour
 b - a +2 leather armour (melded)
 f - a +1 cloak (melded)
Jewellery
 l - a cursed ring of loudness {unknown}
Scrolls
 e - 2 scrolls of identify
 n - a scroll of remove curse
Potions
 g - a potion of invisibility
Comestibles
 c - 3 bread rations
 d - a royal jelly
 h - 2 meat rations
 i - 3 chunks of flesh
 j - a beef jerky


   Skills:
 - Level 4.0 Fighting
 - Level 2.6 Long Blades
 - Level 1.7 Armour
 - Level 0.8 Dodging
 + Level 5.3 Unarmed Combat


You had 5 spell levels left.
You didn't know any spells.

Dungeon Overview and Level Annotations

Branches:
Dungeon (4/15)
 Temple: D:4-7

Altars:


Innate Abilities, Weirdness & Mutations

((You have very sharp fingernails.))
You are immune to rotting.
((You have sharp toenails.))
You are frail (-10% HP).
You are resistant to hostile enchantments.
((You are covered in fur (AC +1).))


Message History

The river rat is no longer bleeding.
The river rat bites you.
* * * LOW HITPOINT WARNING * * *
Drink which item? (? for menu, Esc to quit)
Okay, then.
Read which item? (? for menu, Esc to quit)
Okay, then.
Xom's power touches on your mind for a moment.
You are confused.
Press: ? - help, v - describe, . - travel
Here: a river rat (almost dead)
The floor, spattered with blood.
Unknown command.
Unknown command.
Unknown command.
Drink which item? (? for menu, Esc to quit)
You turn into a tree.
Your +1 cloak melds into your body.
Your +2 leather armour melds into your body.
Your roots penetrate the ground.
The river rat bites you.
You die...
Xom howls with laughter!

********** ##.≈.≈#≈≈≈* **
#...≈≈#≈∩≈* ,* #...≈≈#≈≈≈* ,**
#...≈≈##++* ,,* #.r..≈≈≈≈≈*
*,*######### #r...≈≈≈.≈*
,,,........#########r.....≈.,*
*,**#...........♣rrS.r......,*
,,* #.......################**
,,* #.......# ,,* #.......#
*** ..########'## *,*
...........#######,*
#.................,*
#.........########,*
.................,,*


You could see 3 river rats, a ball python and a rat.

Vanquished Creatures
  2 orc priests
  Terence (D:2)
  2 orc wizards
  3 gnolls (D:3)
  6 adders
  2 oozes (D:2)
  3 worms
  3 giant geckos
  7 orcs
  12 goblins
  12 hobgoblins
  10 jackals
  10 bats
  10 giant cockroaches
  3 giant newts (D:1)
  15 kobolds
  2 quokkas
  7 rats
  2 toadstools (D:1)
112 creatures vanquished.

Vanquished Creatures (collateral kills)
  A jackal (D:2)
1 creature vanquished.

Vanquished Creatures (others)
  2 toadstools (D:1)
2 creatures vanquished.

Grand Total: 115 creatures vanquished

Notes
Turn   | Place    | Note
--------------------------------------------------------------
     0 | D:1      | Monkaria the Demonspawn Chaos Knight began the quest for the Orb.
     0 | D:1      | Reached XP level 1. HP: 18/18 MP: 1/1
    49 | D:1      | XOM: silly message
    52 | D:1      | XOM: silly message
   198 | D:1      | Gained mutation: You have sharp fingernails. [demonic ancestry]
   198 | D:1      | Reached XP level 2. HP: 16/24 MP: 2/2
   398 | D:1      | Reached skill level 1 in Unarmed Combat
   593 | D:1      | XOM: noise
   703 | D:1      | Reached XP level 3. HP: 21/29 MP: 3/3
   892 | D:2      | XOM: give mutations
   892 | D:2      | Gained mutation: You are covered in fur (AC +1). [Xom's grace]
   892 | D:2      | Gained mutation: You are resistant to hostile enchantments. [Xom's grace]
  1274 | D:2      | Reached skill level 4 in Fighting
  1376 | D:2      | Gained mutation: You have very sharp fingernails. [demonic ancestry]
  1376 | D:2      | Reached XP level 4. HP: 20/37 MP: 4/4
  1558 | D:2      | Noticed Terence
  1563 | D:2      | Killed Terence
  2066 | D:2      | XOM: give mutations
  2066 | D:2      | Gained mutation: You have sharp toenails. [Xom's mischief]
  2066 | D:2      | Gained mutation: You are frail (-10% HP). [Xom's mischief]
  2262 | D:3      | Gained mutation: You are immune to rotting. [demonic ancestry]
  2262 | D:3      | Reached XP level 5. HP: 37/37 MP: 5/5
  2389 | D:3      | XOM: 3-stop teleportation journey
  2427 | D:3      | XOM: confusion (+ monsters)
  2448 | D:3      | XOM: chaos upgrade
  2503 | D:3      | XOM: severe Ice miscast
  2764 | D:3      | XOM: smoke on damage
  2766 | D:3      | XOM: confusion
  2769 | D:3      | XOM: noise
  2769 | D:3      | XOM: smoke on damage
  2777 | D:3      | XOM: stat loss: -1 Dex (11/12)
  3056 | D:3      | XOM: swap monsters
  3144 | D:4      | Reached XP level 6. HP: 43/43 MP: 6/6
  3145 | D:4      | XOM: enchant monster (bad)
  3157 | D:4      | XOM: enchant monster (bad)
  3163 | D:4      | XOM: smoke on damage
  3164 | D:4      | XOM: stat loss: -1 Int (12/13)
  3180 | D:4      | Reached skill level 5 in Unarmed Combat
  3343 | D:4      | XOM: confusion
  3344 | D:4      | Slain by a river rat

Vault maps used:
D:1:      ldierk_water_garden
D:2:      uniq_terence
D:4:      serial_glass, glass_columns_b, glass_columns_a, glass_columns_a,
          glass_columns_a, glass_columns_a, glass_columns_b, first_bread,
          portal_sewer_entry_e

Action                   |  1- 3 |  4- 6 || total
-------------------------+-------+-------++-------
Melee: Falchion          |   154 |    22 ||   176
       Unarmed           |       |   224 ||   224
  Use: Scroll            |       |     6 ||     6
       Potion            |       |     2 ||     2
 Stab: Paralysed         |     1 |     1 ||     2
  Eat: Chunk             |       |     7 ||     7
       Beef jerky        |       |     1 ||     1
